Map: Tokamak LE

Players

ChEEguy

  • Race: Zerg Zerg
  • Spawn Location: 1:00

JohnNash - Winner!

  • Race: Protoss Protoss
  • League: Diamond
  • Spawn Location: 7:00

VOD

Have the link to the VOD?

Description

Time

  • Played on: June 17, 2025, 5:33 p.m.
  • Length: 7:23
Show
View Real Time Build Order
Export as new Build Order

ChEEguy Zerg 

Build Orders: Hatch First 

Get SALT Encoding   

  12  0:00  Drone  
  13  0:13  Drone  
  14  0:16  Overlord  
  14  0:35  Drone x2  
  16  0:45  Hatchery  
  15  0:51  Drone  
  15  0:54  Drone  
  17  0:57  Drone  
  18  1:08  Extractor  
  17  1:14  Spawning Pool  
  17  1:16  Drone  
  17  1:19  Drone  
  18  1:28  Drone  
  19  1:39  Drone  
  20  1:51  Overlord  
  20  2:01  Queen x2  
  20  2:02  Zergling x4  
  20  2:08  Drone  
  27  2:14  Metabolic Boost  
  27  2:21  Drone x2  
  27  2:22  Drone  
  30  2:30  Drone  
  30  2:33  Drone  
  32  2:42  Hatchery  
  31  2:49  Queen  
  31  2:51  Overlord  
  33  3:00  Drone  
  33  3:01  Drone  
  33  3:02  Zergling x2  
  33  3:04  Overlord  
  36  3:15  Drone x3  
  36  3:16  Drone x2  
  41  3:26  Drone x2  
  43  3:36  Drone x2  
  43  3:41  Spore Crawler, Extractor  
  43  3:42  Spore Crawler  
  43  3:43  Queen  
  43  3:49  Roach Warren, Drone  
  43  3:50  Drone  
  43  3:52  Drone  
  45  3:56  Overlord  
  45  4:02  Queen  
  45  4:09  Zergling x2  
  48  4:12  Lair  
  48  4:13  Drone  
  48  4:15  Drone  
  50  4:19  Queen  
  52  4:24  Drone x2  
  52  4:26  Zergling x2  
  52  4:27  Zergling x8  
  59  4:42  Drone x2, Zergling x2  
  59  4:43  Spore Crawler, Zergling x8  
  65  4:55  Overlord x2  
  65  5:02  Overlord  
  65  5:13  Queen, Overlord  
  66  5:16  Zergling x6  
  66  5:17  Zergling x6  
  66  5:19  Evolution Chamber  
  71  5:33  Zergling x18  
  77  5:45  Zergling x10  
  73  5:52  Zergling x6  
  73  5:55  Zergling x2  
  73  5:56  Zergling x2  
  71  6:03  Zergling x2  
  68  6:09  Zergling x6  
  62  6:17  Zergling x4  
  57  6:22  Zergling x18  
  65  6:33  Zergling x2  
  65  6:34  Zergling x4  
  65  6:36  Hatchery  
  65  6:38  Zergling x4  
  68  6:43  Queen  
  68  6:45  Zergling x4  
  70  6:52  Zergling x6  
  75  6:54  Roach  
Show
View Real Time Build Order
Export as new Build Order

JohnNash Protoss - Winner!

Build Orders: 1 Gate Expand 

Get SALT Encoding   

  12  0:00  Probe  
  13  0:12  Probe  
  14  0:20  Pylon  
  14  0:24  Probe  
  15  0:34  Probe  
  15  0:42  Probe  
  16  0:44  Gateway  
  17  0:52  Probe  
  17  0:54  Assimilator  
  18  1:04  Probe  
  19  1:16  Probe  
  20  1:27  Nexus  
  20  1:36  Cybernetics Core  
  20  1:39  Probe  
  21  1:48  Assimilator  
  21  1:51  Probe  
  22  1:55  Pylon  
  22  2:03  Adept  
  22  2:04  Probe  
  25  2:16  Probe  
  25  2:21  Warp Gate  
  26  2:27  Sentry  
  26  2:28  Probe  
  28  2:40  Probe  
  28  2:43  Stalker, Gateway  
  29  2:44  Probe  
  32  2:52  Probe  
  32  2:57  Forge, Probe  
  34  3:04  Probe  
  35  3:10  Probe  
  36  3:16  Probe  
  37  3:22  Probe  
  37  3:25  Protoss Ground Weapons Level 1  
  38  3:28  Probe  
  38  3:31  Robotics Facility  
  38  3:34  Probe  
  40  3:38  Robotics Facility  
  40  3:40  Probe  
  39  3:44  Pylon  
  39  3:45  Pylon  
  39  3:46  Probe  
  40  3:53  Shield Battery  
  40  3:56  Probe  
  40  4:00  Gateway  
  40  4:01  Gateway  
  41  4:03  Gateway  
  41  4:11  Probe  
  41  4:15  Gateway  
  41  4:16  Gateway  
  42  4:19  Warp Prism  
  42  4:24  Gateway  
  44  4:34  Stalker  
  44  4:37  Stalker  
  48  4:46  Pylon  
  48  4:56  Stalker  
  48  4:57  Stalker  
  48  4:58  Stalker  
  54  5:00  Stalker  
  54  5:01  Stalker  
  58  5:14  Pylon  
  58  5:17  Pylon  
  58  5:27  Stalker x3  
  64  5:28  Zealot x2  
  64  5:31  Sentry  
  64  5:32  Sentry  
  72  5:38  Observer  
  73  5:46  Zealot  
  69  5:51  Zealot x2  
  69  5:56  Stalker x2  
  71  5:58  Zealot x3  
  75  6:09  Zealot  
  69  6:13  Zealot  
  69  6:14  Zealot  
  69  6:29  Stalker x4  
  75  6:39  Zealot  
  75  6:40  Zealot x3  
  79  6:55  Stalker x2  
  79  6:56  Zealot  
  83  7:14  Zealot x3  
  81  7:15  Stalker  
Tags
 
Add a new tag
Caveats
  • Supply blocks, unpowered buildings, or Contaminate may cause inaccurate times.
  • Supply counts are checked every 10 seconds.